 Dungeon Crawl Stone Soup version 0.32-a0-893-gf85d74f360 (webtiles) character file.

Game seed: 2212455814768931757

210 gohu the Chopper (level 5, -8/45 HPs)
             Began as a Mountain Dwarf Fighter on Apr 3, 2024.
             Was an Initiate of Beogh.
             Mangled by an ogre
             ... wielding a +0 giant club
              (13 damage)
             ... on level 5 of the Dungeon.
             The game lasted 00:05:03 (1799 turns).

gohu the Chopper (Mountain Dwarf Fighter)           Turns: 1799, Time: 00:05:04

Health: -8/45      AC:  8    Str: 20    XL:     5   Next: 56%
Magic:  5/5        EV:  8    Int:  9    God:    Beogh [......]
Gold:   116        SH:  4    Dex:  9    Spells: 4/4 levels left

rFire   . . .        a - +0 war axe
rCold   . . .        c - +0 buckler
rNeg    . . .        b - +0 scale mail
rPois   .            (no helmet)
rElec   .            (no cloak)
rCorr   .            m - +0 pair of gloves
SInv    +            (no boots)
Will    .....        j - amulet of faith Stlth
                     u - ring of see invisible
HPRegen 0.27/turn    (no ring)
MPRegen 0.09/turn

%: faith
@: mighty
A: runic magic, artefact enchanting
a: Renounce Religion


You were on level 5 of the Dungeon.
You worshipped Beogh.
Beogh was noncommittal.
You visited 1 branch of the dungeon, and saw 5 of its levels.

You collected 116 gold pieces.

Inventory:

Hand Weapons
 a - a +0 war axe (weapon)
Armour
 b - a +0 scale mail (worn)
 c - a +0 buckler (worn)
 m - a +0 pair of gloves (worn)
 q - a +0 plate armour
Jewellery
 j - an amulet of faith (around neck)
 o - an amulet of guardian spirit
 u - a ring of see invisible (left hand)
Scrolls
 e - 3 scrolls of teleportation {unknown}
 h - a scroll of identify {unknown}
 p - a scroll of summoning {unknown}
Potions
 f - a potion of enlightenment {unknown}
 g - 2 potions of lignification {unknown}
 i - a potion of mutation {unknown}
 k - a potion of attraction {unknown}
 l - 2 potions of resistance {unknown}
 n - a potion of curing {unknown}
 r - a potion of heal wounds {unknown}
 s - 2 potions of cancellation {unknown}
 t - a potion of invisibility {unknown}


   Skills:
 - Level 3.2 Fighting
 * Level 7.1 Axes
 - Level 3.2 Armour
 - Level 3.2 Shields


You had 4 spell levels left.
You didn't know any spells.
Your spell library contained the following spells:

 Spells                   Type           Power      Damage    Failure   Level
 Apportation              Tloc           0%         N/A       54%         1
 Necrotise                Necr           0%         1d4       54%         1
 Sting                    Conj/Alch      0%         1d3       54%         1
 Summon Small Mammal      Summ           0%         N/A       54%         1


Dungeon Overview and Level Annotations

Branches:
Dungeon (5/15)
 Temple: D:4-7

Altars:

Shops:
D:3 (

Annotations:
D:3 1 runed translucent door, Crazy Yiuf


Innate Abilities, Weirdness & Mutations

Your spellcasting is much less encumbered by armour.
You can use scrolls of enchantment on lesser artefacts.


Message History

You closely miss the gnoll. The gnoll barely misses you.
The gnoll hits you from afar with a +0 spear!
You see here an adder corpse.
The gnoll attacks as it pursues you! The gnoll hits you with a +0 whip.
The gnoll attacks as it pursues you! The gnoll hits you with a +0 whip.
The gnoll attacks as it pursues you! The gnoll hits you but does no damage.
The gnoll attacks as it pursues you!
The gnoll hits you from afar with a +0 spear.
You feel very mighty all of a sudden. The gnoll completely misses you.
The gnoll hits you from afar with a +0 spear!
You are too injured to fight recklessly!
You are too injured to fight recklessly!
You are too injured to fight recklessly!
You slash the gnoll!
The gnoll is almost dead.
The gnoll hits you with a +0 whip! The gnoll hits you but does no damage.
You slash the gnoll!
You kill the gnoll!
Beogh accepts your kill. The gnoll hits you but does no damage.
Your Axes skill increases to level 7!
The gnoll hits you but does no damage.
Things that are here:
a +0 whip; a gnoll corpse You slash the gnoll!
You kill the gnoll!
Beogh accepts your kill.
You barely miss the ogre. The ogre barely misses you.
The gnoll completely misses you.
You hit the ogre.
The ogre is lightly wounded.
The gnoll hits you from afar with a +0 spear.
* * * LOW HITPOINT WARNING * * *
The ogre hits you with a +0 giant club!
* * * LOW HITPOINT WARNING * * *
You slice the ogre!!
The ogre is almost dead.
The gnoll hits you but does no damage. The ogre hits you with a +0 giant club!
You die...

..###.#.......###.#.#
................>.#.#
#.###...............#
#.###....##.####..#.#
.........##.####....#
###...............###
#...........####.##
..#....#.##.# #.#
#.#......##.# #@#
##...####.# #O# .
..##+# #.# #g# ..##
..# #.# .... ### #.#
#... #.# ### #.# #.#
#.#


You could see an ogre and a gnoll.

Vanquished Creatures
  A black bear (D:5)
  A jelly (D:5)
  An adder (D:5)
  2 gnolls (D:5)
  A shadow imp (D:5)
  A dart slug (D:1)
  A ribbon worm (D:2)
  An orc (D:5)
  3 bats
  7 endoplasms
  2 giant cockroaches (D:1)
  5 goblins
  2 hobgoblins (D:1)
  4 jackals (D:1)
  6 kobolds
  A quokka (D:2)
  5 ball pythons
  6 rats
50 creatures vanquished.

Vanquished Creatures (others)
  2 orcs (D:5)
2 creatures vanquished.

Grand Total: 52 creatures vanquished

Notes
Turn   | Place    | Note
-------+----------+-------------------------------------------
     0 | D:1      | gohu the Mountain Dwarf Fighter began the quest for the
                  | Orb.
     0 | D:1      | Reached XP level 1. HP: 19/19 MP: 1/1
    32 | D:1      | Reached skill level 3 in Axes
    61 | D:1      | Reached XP level 2. HP: 26/26 MP: 2/2
    77 | D:1      | Found a faded altar of an unknown god.
   340 | D:1      | Reached skill level 4 in Axes
   506 | D:1      | Reached XP level 3. HP: 31/31 MP: 3/3
  1324 | D:3      | Found Hocwade's Weapon Shop.
  1488 | D:3      | Found a runed translucent door.
  1489 | D:3      | Noticed Crazy Yiuf
  1548 | D:3      | You fall into a shaft and drop 2 floors!
  1548 | D:5      | Entered Level 5 of the Dungeon
  1562 | D:5      | Reached skill level 5 in Axes
  1621 | D:4      | Noticed an ogre
  1640 | D:5      | Became a worshipper of Beogh the Shepherd
  1644 | D:5      | Reached XP level 4. HP: 34/38 MP: 1/4
  1671 | D:5      | Noticed a black bear
  1694 | D:5      | Killed a black bear
  1695 | D:5      | Reached skill level 6 in Axes
  1695 | D:5      | Reached XP level 5. HP: 34/45 MP: 5/5
  1775 | D:5      | Noticed an ogre
  1795 | D:5      | Reached skill level 7 in Axes
  1799 | D:5      | Mangled by an ogre

Illustrated notes

Levels and vault maps discovered:
D:1:      dpeg_arrival_simpleton_a, layout_basic,
          shapermc_ecumenical_altar_mp_ritualfount
D:2:      layout_loops_cross, serial_glass, glass_columns_a, glass_columns_b
D:3:      layout_basic, serial_shops, nicolae_shop_bloodbath_and_beyond,
          mrwooster_statue_mirror, uniq_crazy_yiuf_cottage
D:4:      layout_gridville, gammafunk_temple_overflow_statue,
          cheibrodos_gnoll_hut
D:5:      layout_basic, serial_shops, shop, minmay_ogre_servants

Skill      XL: |  1  2  3  4  5 |
---------------+----------------+-----
Axes           | 3 4 5 6 7 |  7.1
Fighting       | |  3.2
Armour         | |  3.2
Shields        | |  3.2

Action                     |  1- 3 |  4- 6 || total
---------------------------+-------+-------++-------
  Melee: War axe           |   121 |    15 ||   136
 Invoke: Convert to Beogh  |     1 |       ||     1
    Use: Potion            |       |     1 ||     1
 Armour: Scale mail        |    81 |    28 ||   109
  Dodge: Dodged            |    51 |     8 ||    59
  Block: Buckler           |    18 |     2 ||    20

Table legend: (Time is in decaauts)
 A = Elapsed time spent in this place.
 B = Non-inter-level travel time spent in this place.
 C = Inter-level travel time spent in this place.
 D = Time resting spent in this place.
 E = Time spent auto-exploring this place.
 F = Levels seen in this place.
 G = Mean time per level.
                   A        B        C        D        E       F      G
               +--------+--------+--------+--------+--------+-----+--------+
         Total |   1839 |   1805 |     34 |      0 |   1325 |   5 |  367.8 |
       Dungeon |   1839 |   1805 |     34 |      0 |   1325 |   5 |  367.8 |
               +--------+--------+--------+--------+--------+-----+--------+

Top non-repeatable levels by time:
     D:2: 654 daAuts
     D:1: 606 daAuts
     D:3: 321 daAuts
     D:5: 255 daAuts
     D:4: 1 daAuts
